Capitals vs Panthers

Created - 22 février 2018 at 15:55

Goals
1 2 3 T
Capitals 2 1 3 6
Panthers 0 1 0 1
Shots
1 2 3 T
Capitals 23 15 15 53
Panthers 5 16 11 32

1st period

1. Capitals , Kenndal McArdle 22 (Christian Ehrhoff 38, Bobby Ryan 30) at 2:15 (PP)
2. Capitals , Marco Scandella 16 (Brandon Saad 17, Tyler Spurgeon 11) at 15:26

Penalties :
Chris Kreider (FLO) for Roughing (Minor) at 2:03, Erik Johnson (FLO) for High sticking (Minor) at 4:16, Brayden Schenn (FLO) for Hooking (Minor) at 8:52, Kyle Brodziak (FLO) for Slashing (Double Minor) at 10:29, Bobby Ryan (WSH) for Hooking (Minor) at 10:29, Jakub Voracek (FLO) for Boarding (Minor) at 18:23

2nd period

3. Panthers , Jakub Voracek 34 (Cam Fowler 17, Gustav Nyquist 23) at 0:51
4. Capitals , Michael Stone 8 (Travis Zajac 41, Ryan Whitney 42) at 19:47 (PP)

Penalties :
Ryan Whitney (WSH) for Tripping (Minor) at 1:58, Nathan Horton (WSH) for Roughing (Minor) at 6:10, Gustav Nyquist (FLO) for High sticking (Minor) at 8:55, Mitch Love (FLO) for Holding (Minor) at 18:30

3rd period

5. Capitals , Hampus Lindholm 7 (Christian Ehrhoff 39, Nathan Horton 38) at 4:35
6. Capitals , Cam Atkinson 16 (Kristian Huselius 41, Hampus Lindholm 15) at 12:55
7. Capitals , Bobby Ryan 26 (Kenndal McArdle 27, Ryan Whitney 43) at 19:59

Penalties :
Chris Kreider (FLO) for Elbowing (Minor) at 13:53

Goalie Stats

Kari Lehtonen (WSH), 31 saves from 32 shots - (0,969), W, 37-19-4, 60:00 minutes
Robin Lehner (FLO), 47 saves from 53 shots - (0,887), L, 24-23-3, 60:00 minutes

Players Stats for Capitals

Player Name              G  A  P  +/- PIM S  H  SB GA TA FO     MP     PP MP  PK MP  
------------------------------------------------------------------------------------
Benoit Pouliot           0  0  0   1  0   1  0  0  0  0  0/0    10:04   0:00   0:00 
Bobby Ryan               1  1  2   0  2   5  5  0  0  0  1/2    20:01   6:25   0:00 
Brandon Saad             0  1  1   1  0   1  0  0  0  0  0/0    10:49   0:00   0:00 
Cam Atkinson             1  0  1   2  0   6  0  0  0  0  0/1    19:37   6:36   0:35 
Christian Ehrhoff        0  2  2   1  0   2  2  1  0  0  0/0    22:56   6:10   2:04 
Hampus Lindholm          1  1  2   1  0   1  4  2  0  0  0/0    14:45   0:00   0:00 
Jonas Brodin             0  0  0   1  0   1  0  1  0  0  0/0    14:43   0:36   2:04 
Kenndal McArdle          1  1  2   0  0   6  3  0  0  0  1/1    20:02   6:26   0:00 
Kristian Huselius        0  1  1   2  0   6  0  0  0  0  1/2    20:16   6:36   0:00 
Marco Scandella          1  0  1   1  0   2  1  1  0  0  0/0    20:07   6:10   1:54 
Marcus Kruger            0  0  0   0  0   0  0  0  0  0  0/0     7:37   0:00   2:42 
Mattias Janmark          0  0  0   0  0   1  0  0  0  0  0/0     4:55   0:00   0:00 
Michael Stone            1  0  1   1  0   3  0  1  0  0  0/0    23:33   6:16   1:02 
Mikael Backlund          0  0  0   0  0   1  0  0  0  0  8/13    7:37   0:00   2:42 
Nathan Horton            0  1  1   2  2   2  4  0  0  0  26/43  20:20   6:00   0:41 
Ryan Whitney             0  2  2   1  2   6  2  1  0  0  0/0    23:55   6:52   0:52 
Travis Zajac             0  1  1   0  0   7  0  0  0  0  9/31   22:03   6:26   1:16 
Tyler Spurgeon           0  1  1   1  0   2  0  0  0  0  5/12   10:40   0:36   0:00 

Players Stats for Panthers

Player Name              G  A  P  +/- PIM S  H  SB GA TA FO     MP     PP MP  PK MP  
------------------------------------------------------------------------------------
Aaron Ekblad             0  0  0  -1  0   0  1  4  0  0  0/0    15:37   0:00   5:21 
Brayden Schenn           0  0  0  -2  2   2  4  0  0  0  0/0    10:33   0:00   0:00 
Brett Sutter             0  0  0   0  0   0  0  0  0  0  11/17   8:56   0:00   6:00 
Cam Fowler               0  1  1   1  0   2  0  1  0  0  0/0    20:39   1:47   4:00 
Chris Kreider            0  0  0  -2  4   6  2  0  0  0  11/24  14:10   1:35   0:00 
Derick Brassard          0  0  0   0  0   0  1  1  0  0  13/23  18:16   2:23   1:02 
Dustin Byfuglien         0  0  0  -1  0   2  4  0  0  0  1/4    23:40   2:23   7:00 
Erik Johnson             0  0  0  -2  2   0  0  0  0  0  0/0    19:23   2:11   1:12 
Gabriel Landeskog        0  0  0  -1  0   5  0  0  0  0  0/1    15:52   1:35   0:00 
Gustav Nyquist           0  1  1   0  2   2  0  0  0  0  1/1    16:25   1:35   0:00 
Jakub Voracek            1  0  1   0  2   4  1  0  0  0  0/0    17:57   2:23   0:44 
John Moore               0  0  0  -2  0   2  0  1  0  0  0/0    23:07   1:47   7:46 
Jonathan Drouin          0  0  0  -2  0   2  0  0  0  0  0/0     9:50   0:00   0:00 
Kyle Brodziak            0  0  0   0  4   1  0  0  0  0  1/6     7:24   0:00   5:21 
Luke Schenn              0  0  0   0  0   1  0  1  0  0  0/0     2:55   0:00   0:14 
Mario Scalzo             0  0  0  -2  0   2  0  1  0  0  0/0    24:08   2:11   8:05 
Mitch Love               0  0  0   0  2   0  8  1  0  0  0/0    14:09   0:00   0:10 
Sean Couturier           0  0  0  -1  0   1  0  0  0  0  16/29  21:28   0:00   6:18 

3 Stars

1 - Hampus Lindholm (WSH)
2 - Kenndal McArdle (WSH)
3 - Bobby Ryan (WSH)

Power Play

Capitals - 2 on 8 Attempt(s) - 25,00%
Panthers - 0 on 2 Attempt(s) - 0,00%

Penalty Kill

Capitals - 2 on 2 Attempt(s) - 100,00% - Score 0 goal in Penalty Kill
Panthers - 6 on 8 Attempt(s) - 75,00% - Score 0 goal in Penalty Kill

Team Stat

Capitals - Hits : 21 - Faceoff Wins : 51 - Blocked Shots : 7 - Penalty Minutes : 6
Panthers - Hits : 21 - Faceoff Wins : 54 - Blocked Shots : 10 - Penalty Minutes : 18

Official

Referees : Garrett Rank and Marc Joannette
Linesman : Scott Cherrey and Dave Brown

Game Notes

Luke Schenn is injured at 9:06 of 1st period (Lacerated Left Calf)

Finance

Level 1 -- Attendance: 5984 (99,73%) -- Ticket Income 574 464 $
Level 2 -- Attendance: 5000 (100,00%) -- Ticket Income 375 000 $
Level 3 -- Attendance: 1911 (95,55%) -- Ticket Income 95 550 $
Level 4 -- Attendance: 4000 (100,00%) -- Ticket Income 120 000 $
Luxury Box -- Attendance: 1826 (74,47%) -- Ticket Income 301 290 $
Game was played at the BankAtlantic Center.
Total Attendance: 18721 (96,24%)
Total Ticket Income: 1 466 304 $
Other Income: 718 489 $
Total Income: 2 184 793 $

Capitals

5 vs 5 Forward 
   Center                   Left Wing                Right Wing               Time % Phy DF OF 
 1 Nathan Horton            Cam Atkinson             Kristian Huselius        30     1   1  3  
 2 Travis Zajac             Kenndal McArdle          Bobby Ryan               30     0   2  3  
 3 Tyler Spurgeon           Benoit Pouliot           Brandon Saad             24     0   2  3  
 4 Mikael Backlund          Marcus Kruger            Mattias Janmark          16     1   3  1  

5 vs 5 Defense 
   Defense                  Defense                                           Time % Phy DF OF 
 1 Ryan Whitney             Michael Stone                                     34     0   3  2  
 2 Christian Ehrhoff        Hampus Lindholm                                   33     0   3  2  
 3 Marco Scandella          Jonas Brodin                                      27     0   4  1  
 4 Marco Scandella          Jonas Brodin                                      6      0   4  1  

PowerPlay Forward 
   Center                   Left Wing                Right Wing               Time % Phy DF OF 
 1 Nathan Horton            Cam Atkinson             Kristian Huselius        50     0   0  5  
 2 Travis Zajac             Kenndal McArdle          Bobby Ryan               50     0   0  5  

PowerPlay Defense
   Defense                  Defense                                           Time % Phy DF OF 
 1 Ryan Whitney             Michael Stone                                     50     0   0  5  
 2 Christian Ehrhoff        Marco Scandella                                   50     0   0  5  

Penalty Kill 4 Players Forward 
   Center                   Wing                     Time % Phy DF OF 
 1 Mikael Backlund          Marcus Kruger            60     0   5  0  
 2 Travis Zajac             Nathan Horton            40     0   5  0  

Penalty Kill 4 Players Defense
   Defense                  Defense                  Time % Phy DF OF 
 1 Ryan Whitney             Marco Scandella          50     0   5  0  
 2 Christian Ehrhoff        Jonas Brodin             50     0   5  0  

Penalty Kill - 3 Players Forward 
   Forward                                           Time % Phy DF OF 
 1 Marcus Kruger                                     60     0   5  0  
 2 Mikael Backlund                                   40     0   5  0  

Penalty Kill - 3 Players Defense
   Defense                  Defense                  Time % Phy DF OF 
 1 Ryan Whitney             Marco Scandella          50     0   5  0  
 2 Christian Ehrhoff        Jonas Brodin             50     0   5  0  

4 vs 4 Forward 
   Center                   Wing                     Time % Phy DF OF 
 1 Nathan Horton            Kristian Huselius        50     1   1  3  
 2 Travis Zajac             Bobby Ryan               50     0   2  3  

4 vs 4 Defense
   Defense                  Defense                  Time % Phy DF OF 
 1 Ryan Whitney             Michael Stone            50     0   4  1  
 2 Christian Ehrhoff        Hampus Lindholm          50     0   4  1  

Last Minutes Offensive
   Center                   Left Wing                Right Wing               Defense                  Defense                  
   Nathan Horton            Bobby Ryan               Kristian Huselius        Ryan Whitney             Jonas Brodin             

Last Minutes Defensive
   Center                   Left Wing                Right Wing               Defense                  Defense                  
   Travis Zajac             Marcus Kruger            Nathan Horton            Christian Ehrhoff        Hampus Lindholm          

Goaltenders
Starting : Kari Lehtonen            
Backup : Marc Denis               

Extra Forwards
Normal : Brandon Saad, Cam Atkinson, Tyler Spurgeon - PP : Tyler Spurgeon, Brandon Saad - PK : Cam Atkinson
Extra Defensemen
Normal : Hampus Lindholm, Jonas Brodin, Michael Stone - PP : Michael Stone - PK : Marco Scandella, Michael Stone
Penalty Shots
Bobby Ryan, Ryan Whitney, Nathan Horton, Kristian Huselius, Kenndal McArdle
Custom OT Lines Forwards
Nathan Horton, Kristian Huselius, Travis Zajac, Bobby Ryan, Tyler Spurgeon, Mattias Janmark, Mikael Backlund, Kenndal McArdle, Cam Atkinson, Brandon Saad
Custom OT Lines Defensemen
Christian Ehrhoff, Hampus Lindholm, Ryan Whitney, Jonas Brodin, Marco Scandella

Scratches
Pierre-Marc Bouchard (Left Hand Injury)

Panthers

5 vs 5 Forward 
   Center                   Left Wing                Right Wing               Time % Phy DF OF 
 1 Derick Brassard          Gustav Nyquist           Jakub Voracek            33     0   4  1  
 2 Sean Couturier           Gabriel Landeskog        Dustin Byfuglien         32     0   3  2  
 3 Chris Kreider            Jonathan Drouin          Brayden Schenn           25     0   3  2  
 4 Chris Kreider            Brett Sutter             Kyle Brodziak            10     0   3  2  

5 vs 5 Defense 
   Defense                  Defense                                           Time % Phy DF OF 
 1 Mario Scalzo             Erik Johnson                                      33     1   1  3  
 2 Luke Schenn              Cam Fowler                                        30     1   1  3  
 3 Aaron Ekblad             John Moore                                        23     0   3  2  
 4 Mitch Love               John Moore                                        14     1   2  2  

PowerPlay Forward 
   Center                   Left Wing                Right Wing               Time % Phy DF OF 
 1 Derick Brassard          Jakub Voracek            Dustin Byfuglien         50     0   0  5  
 2 Chris Kreider            Gabriel Landeskog        Gustav Nyquist           50     0   0  5  

PowerPlay Defense
   Defense                  Defense                                           Time % Phy DF OF 
 1 Mario Scalzo             Erik Johnson                                      50     0   0  5  
 2 John Moore               Cam Fowler                                        50     0   0  5  

Penalty Kill 4 Players Forward 
   Center                   Wing                     Time % Phy DF OF 
 1 Kyle Brodziak            Dustin Byfuglien         51     0   5  0  
 2 Brett Sutter             Sean Couturier           49     0   5  0  

Penalty Kill 4 Players Defense
   Defense                  Defense                  Time % Phy DF OF 
 1 Luke Schenn              John Moore               52     0   5  0  
 2 Mario Scalzo             Cam Fowler               48     0   5  0  

Penalty Kill - 3 Players Forward 
   Forward                                           Time % Phy DF OF 
 1 Kyle Brodziak                                     50     0   5  0  
 2 Sean Couturier                                    50     0   5  0  

Penalty Kill - 3 Players Defense
   Defense                  Defense                  Time % Phy DF OF 
 1 Aaron Ekblad             John Moore               52     1   4  0  
 2 Mario Scalzo             Luke Schenn              48     0   5  0  

4 vs 4 Forward 
   Center                   Wing                     Time % Phy DF OF 
 1 Brett Sutter             Kyle Brodziak            50     0   2  3  
 2 Chris Kreider            Brayden Schenn           50     0   3  2  

4 vs 4 Defense
   Defense                  Defense                  Time % Phy DF OF 
 1 Erik Johnson             Aaron Ekblad             51     0   2  3  
 2 John Moore               Cam Fowler               49     0   3  2  

Last Minutes Offensive
   Center                   Left Wing                Right Wing               Defense                  Defense                  
   Derick Brassard          Jakub Voracek            Gustav Nyquist           Mario Scalzo             Mitch Love               

Last Minutes Defensive
   Center                   Left Wing                Right Wing               Defense                  Defense                  
   Sean Couturier           Brett Sutter             Kyle Brodziak            John Moore               Cam Fowler               

Goaltenders
Starting : Robin Lehner             
Backup : Tomas Popperle           

Extra Forwards
Normal : Sean Couturier, Chris Kreider, Brett Sutter - PP : Gabriel Landeskog, Chris Kreider - PK : Dustin Byfuglien
Extra Defensemen
Normal : Mitch Love, Mario Scalzo, Cam Fowler - PP : Luke Schenn - PK : Mario Scalzo, Aaron Ekblad
Penalty Shots
Jakub Voracek, Mario Scalzo, Dustin Byfuglien, Gabriel Landeskog, Erik Johnson
Custom OT Lines Forwards
Sean Couturier, Jonathan Drouin, Kyle Brodziak, Jakub Voracek, Dustin Byfuglien, Gabriel Landeskog, Brett Sutter, Chris Kreider, Brayden Schenn, Derick Brassard
Custom OT Lines Defensemen
Cam Fowler, Mario Scalzo, John Moore, Luke Schenn, Mitch Love

Scratches
Mike Cammalleri (Bruised Right Foot Injury), Jason Demers (Healthy)

% Time on Ice - Capitals

Lines # - Real PCT - Wanted PCT - Time Play
Normal Forward
1 - 30% - 30% - 12:26
2 - 33% - 30% - 13:36
3 - 25% - 24% - 10:04
4 - 12% - 16% - 4:55
Normal Defense
1 - 37% - 34% - 15:01
2 - 34% - 33% - 13:57
3 - 29% - 27% - 12:03
4 - 0% - 6% - 0:00
PP Forward
1 - 51% - 50% - 6:36
2 - 49% - 50% - 6:26
PP Defense
1 - 48% - 50% - 6:16
2 - 52% - 50% - 6:46
PK Forward
1 - 68% - 60% - 2:42
2 - 32% - 40% - 1:16
PK Defense
1 - 48% - 50% - 1:54
2 - 52% - 50% - 2:04
PK3 Forward
1 - 0% - 60%
2 - 0% - 40%
PK3 Defense
1 - 0% - 50%
2 - 0% - 50%
44 Forward
1 - 62% - 50% - 1:14
2 - 38% - 50% - 0:45
44 Defense
1 - 62% - 50% - 1:14
2 - 38% - 50% - 0:45
Last Minute Offensive  - 0:00
Last Minute Defensive  - 0:00
Total
Forward - 60:00
Defense - 60:00

% Time on Ice - Panthers

Lines # - Real PCT - Wanted PCT - Time Play
Normal Forward
1 - 36% - 33% - 14:51
2 - 35% - 32% - 14:17
3 - 24% - 25% - 9:50
4 - 5% - 10% - 2:03
Normal Defense
1 - 33% - 33% - 13:36
2 - 34% - 30% - 13:59
3 - 23% - 23% - 9:32
4 - 10% - 14% - 3:54
PP Forward
1 - 60% - 50% - 2:23
2 - 40% - 50% - 1:35
PP Defense
1 - 55% - 50% - 2:11
2 - 45% - 50% - 1:47
PK Forward
1 - 54% - 51% - 7:02
2 - 46% - 49% - 6:00
PK Defense
1 - 60% - 52% - 7:48
2 - 40% - 48% - 5:14
PK3 Forward
1 - 100% - 50% - 0:22
2 - 0% - 50% - 0:00
PK3 Defense
1 - 100% - 52% - 0:22
2 - 0% - 48% - 0:00
44 Forward
1 - 55% - 50% - 0:53
2 - 45% - 50% - 0:44
44 Defense
1 - 45% - 51% - 0:44
2 - 55% - 49% - 0:53
Last Minute Offensive  - 0:00
Last Minute Defensive  - 0:00
Total
Forward - 60:00
Defense - 60:00

Play by Play

1st period


0:01 of 1st period - Nathan Horton wins face-off versus Derick Brassard in neutral zone.
0:22 of 1st period - Derick Brassard is hit by Nathan Horton and loses puck.
0:46 of 1st period - Icing by Cam Atkinson.
0:47 of 1st period - Nathan Horton wins face-off versus Sean Couturier in Capitals zone.
1:27 of 1st period - Shot by Luke Schenn.
1:27 of 1st period - Stopped by Kari Lehtonen without a rebound.
1:28 of 1st period - Chris Kreider wins face-off versus Tyler Spurgeon in Capitals zone.
2:03 of 1st period - Minor Penalty to Chris Kreider for Roughing.
2:04 of 1st period - Travis Zajac wins face-off versus Kyle Brodziak in Panthers zone.
2:15 of 1st period - Shot by Kenndal McArdle.
2:15 of 1st period - Goal by Kenndal McArdle - Capitals : 1 - Panthers : 0.
2:16 of 1st period - Derick Brassard wins face-off versus Mikael Backlund in neutral zone.
2:19 of 1st period - Shot by Jakub Voracek.
2:19 of 1st period - Shot Misses the Net.
3:13 of 1st period - Shot by Ryan Whitney.
3:13 of 1st period - Shot Blocked by Cam Fowler.
4:15 of 1st period - Shot by Brandon Saad.
4:15 of 1st period - Stopped by Robin Lehner without a rebound.
4:16 of 1st period - Nathan Horton wins face-off versus Sean Couturier in Panthers zone.
4:16 of 1st period - Minor Penalty to Erik Johnson for High sticking.
4:17 of 1st period - Brett Sutter wins face-off versus Nathan Horton in Panthers zone.
4:49 of 1st period - Cam Atkinson is hit by Aaron Ekblad and loses puck.
5:18 of 1st period - Shot by Bobby Ryan.
5:18 of 1st period - Stopped by Robin Lehner without a rebound.
5:19 of 1st period - Travis Zajac wins face-off versus Kyle Brodziak in Panthers zone.
5:28 of 1st period - Shot by Bobby Ryan.
5:28 of 1st period - Deflect By Kenndal McArdle.
5:28 of 1st period - Stopped by Robin Lehner without a rebound.
5:29 of 1st period - Kyle Brodziak wins face-off versus Travis Zajac in Panthers zone.
5:29 of 1st period - Kyle Brodziak is hit by Bobby Ryan.
5:51 of 1st period - Shot by Michael Stone.
5:51 of 1st period - Shot Misses the Net.
6:07 of 1st period - Shot by Travis Zajac.
6:07 of 1st period - Stopped by Robin Lehner without a rebound.
6:08 of 1st period - Brett Sutter wins face-off versus Nathan Horton in Panthers zone.
6:08 of 1st period - Brett Sutter is hit by Nathan Horton.
6:30 of 1st period - Tyler Spurgeon is hit by Mitch Love and loses puck.
6:37 of 1st period - Shot by Benoit Pouliot.
6:37 of 1st period - Stopped by Robin Lehner without a rebound.
6:38 of 1st period - Sean Couturier wins face-off versus Nathan Horton in Panthers zone.
6:58 of 1st period - Shot by Sean Couturier.
6:58 of 1st period - Stopped by Kari Lehtonen without a rebound.
6:59 of 1st period - Chris Kreider wins face-off versus Travis Zajac in Capitals zone.
7:10 of 1st period - Shot by Chris Kreider.
7:10 of 1st period - Shot Blocked by Christian Ehrhoff.
7:12 of 1st period - Shot by Jonathan Drouin.
7:12 of 1st period - Shot Misses the Net.
7:28 of 1st period - Shot by Chris Kreider.
7:28 of 1st period - Stopped by Kari Lehtonen without a rebound.
7:29 of 1st period - Nathan Horton wins face-off versus Sean Couturier in Capitals zone.
7:34 of 1st period - Shot by Cam Atkinson.
7:34 of 1st period - Stopped by Robin Lehner without a rebound.
7:35 of 1st period - Sean Couturier wins face-off versus Kristian Huselius in Panthers zone.
7:37 of 1st period - Icing by Gabriel Landeskog.
7:38 of 1st period - Sean Couturier wins face-off versus Travis Zajac in Panthers zone.
7:38 of 1st period - Sean Couturier is hit by Kenndal McArdle.
8:04 of 1st period - Shot by Gabriel Landeskog.
8:04 of 1st period - Stopped by Kari Lehtonen without a rebound.
8:05 of 1st period - Nathan Horton wins face-off versus Chris Kreider in Capitals zone.
8:11 of 1st period - Michael Stone is hit by Mitch Love and loses puck.
8:15 of 1st period - Icing by John Moore.
8:16 of 1st period - Tyler Spurgeon wins face-off versus Chris Kreider in Panthers zone.
8:21 of 1st period - Shot by Tyler Spurgeon.
8:21 of 1st period - Stopped by Robin Lehner without a rebound.
8:22 of 1st period - Nathan Horton wins face-off versus Sean Couturier in Panthers zone.
8:33 of 1st period - Shot by Ryan Whitney.
8:33 of 1st period - Stopped by Robin Lehner without a rebound.
8:34 of 1st period - Chris Kreider wins face-off versus Tyler Spurgeon in Panthers zone.
8:52 of 1st period - Minor Penalty to Brayden Schenn for Hooking.
8:53 of 1st period - Brett Sutter wins face-off versus Nathan Horton in Panthers zone.
8:58 of 1st period - Shot by Cam Atkinson.
8:58 of 1st period - Shot Misses the Net.
9:00 of 1st period - Shot by Michael Stone.
9:00 of 1st period - Stopped by Robin Lehner without a rebound.
9:01 of 1st period - Nathan Horton wins face-off versus Brett Sutter in Panthers zone.
9:06 of 1st period - Shot by Cam Atkinson.
9:06 of 1st period - Shot Blocked by Luke Schenn.
9:06 of 1st period - Luke Schenn from Panthers is injured at 9:06 of 1st period (Lacerated Left Calf).
9:07 of 1st period - Nathan Horton wins face-off versus Kyle Brodziak in Panthers zone.
9:24 of 1st period - Shot by Michael Stone.
9:24 of 1st period - Stopped by Robin Lehner without a rebound.
9:25 of 1st period - Brett Sutter wins face-off versus Travis Zajac in Panthers zone.
9:34 of 1st period - Shot by Christian Ehrhoff.
9:34 of 1st period - Stopped by Robin Lehner without a rebound.
9:35 of 1st period - Nathan Horton wins face-off versus Kyle Brodziak in Panthers zone.
9:38 of 1st period - Shot by Nathan Horton.
9:38 of 1st period - Shot Misses the Net.
9:40 of 1st period - Shot by Cam Atkinson.
9:40 of 1st period - Stopped by Robin Lehner with a rebound.
9:42 of 1st period - Shot by Ryan Whitney.
9:42 of 1st period - Stopped by Robin Lehner without a rebound.
9:43 of 1st period - Brett Sutter wins face-off versus Travis Zajac in Panthers zone.
9:43 of 1st period - Mario Scalzo is hit by Bobby Ryan.
9:58 of 1st period - Icing by Christian Ehrhoff.
9:59 of 1st period - Brett Sutter wins face-off versus Travis Zajac in Capitals zone.
10:29 of 1st period - Double Minor Penalty to Kyle Brodziak for Slashing.
10:29 of 1st period - Minor Penalty to Bobby Ryan for Hooking.
10:30 of 1st period - Dustin Byfuglien wins face-off versus Nathan Horton in neutral zone.
10:46 of 1st period - Dustin Byfuglien is hit by Nathan Horton and loses puck.
11:23 of 1st period - Shot by Chris Kreider.
11:23 of 1st period - Shot Misses the Net.
11:29 of 1st period - Shot by Brayden Schenn.
11:29 of 1st period - Stopped by Kari Lehtonen with a rebound.
13:16 of 1st period - Shot by Nathan Horton.
13:16 of 1st period - Stopped by Robin Lehner without a rebound.
13:17 of 1st period - Sean Couturier wins face-off versus Tyler Spurgeon in Panthers zone.
14:31 of 1st period - Icing by Aaron Ekblad.
14:32 of 1st period - Chris Kreider wins face-off versus Mikael Backlund in Panthers zone.
14:36 of 1st period - Icing by Mitch Love.
14:37 of 1st period - Tyler Spurgeon wins face-off versus Chris Kreider in Panthers zone.
15:13 of 1st period - Icing by Jonas Brodin.
15:14 of 1st period - Tyler Spurgeon wins face-off versus Sean Couturier in Capitals zone.
15:14 of 1st period - Tyler Spurgeon is hit by Dustin Byfuglien.
15:24 of 1st period - Shot by Brandon Saad.
15:24 of 1st period - Shot Blocked by John Moore.
15:26 of 1st period - Shot by Marco Scandella.
15:26 of 1st period - Goal by Marco Scandella - Capitals : 2 - Panthers : 0.
15:27 of 1st period - Nathan Horton wins face-off versus Derick Brassard in neutral zone.
16:26 of 1st period - Shot by Travis Zajac.
16:26 of 1st period - Stopped by Robin Lehner with a rebound.
16:28 of 1st period - Shot by Travis Zajac.
16:28 of 1st period - Stopped by Robin Lehner with a rebound.
16:38 of 1st period - Shot by Kenndal McArdle.
16:38 of 1st period - Stopped by Robin Lehner with a rebound.
16:40 of 1st period - Shot by Kenndal McArdle.
16:40 of 1st period - Shot Blocked by Aaron Ekblad.
16:42 of 1st period - Shot by Travis Zajac.
16:42 of 1st period - Deflect By Bobby Ryan.
16:42 of 1st period - Shot Misses the Net.
16:53 of 1st period - John Moore is hit by Bobby Ryan.
17:50 of 1st period - Mikael Backlund is hit by Brayden Schenn and loses puck.
18:23 of 1st period - Minor Penalty to Jakub Voracek for Boarding.
18:24 of 1st period - Sean Couturier wins face-off versus Nathan Horton in Panthers zone.
18:33 of 1st period - Shot by Cam Atkinson.
18:33 of 1st period - Stopped by Robin Lehner without a rebound.
18:34 of 1st period - Travis Zajac wins face-off versus Brett Sutter in Panthers zone.
18:37 of 1st period - Shot by Bobby Ryan.
18:37 of 1st period - Stopped by Robin Lehner with a rebound.
18:39 of 1st period - Shot by Ryan Whitney.
18:39 of 1st period - Shot Misses the Net.
18:41 of 1st period - Shot by Michael Stone.
18:41 of 1st period - Shot Misses the Net.
18:43 of 1st period - Shot by Bobby Ryan.
18:43 of 1st period - Stopped by Robin Lehner without a rebound.
18:44 of 1st period - Nathan Horton wins face-off versus Brett Sutter in Panthers zone.
19:01 of 1st period - Shot by Cam Atkinson.
19:01 of 1st period - Stopped by Robin Lehner with a rebound.
19:11 of 1st period - Shot by Michael Stone.
19:11 of 1st period - Shot Blocked by Aaron Ekblad.
19:13 of 1st period - Shot by Nathan Horton.
19:13 of 1st period - Shot Misses the Net.
19:15 of 1st period - Shot by Ryan Whitney.
19:15 of 1st period - Shot Misses the Net.
Goals for this period are 2 for Capitals vs 0 for Panthers.
Shots for this period are 23 for Capitals vs 5 for Panthers.

2nd period


0:01 of 2nd period - Brett Sutter wins face-off versus Nathan Horton in neutral zone.
0:16 of 2nd period - Shot by Ryan Whitney.
0:16 of 2nd period - Stopped by Robin Lehner with a rebound.
0:18 of 2nd period - Shot by Cam Atkinson.
0:18 of 2nd period - Deflect By Kristian Huselius.
0:18 of 2nd period - Stopped by Robin Lehner with a rebound.
0:28 of 2nd period - Shot by Bobby Ryan.
0:28 of 2nd period - Shot Misses the Net.
0:30 of 2nd period - Shot by Travis Zajac.
0:30 of 2nd period - Stopped by Robin Lehner without a rebound.
0:31 of 2nd period - Derick Brassard wins face-off versus Travis Zajac in Panthers zone.
0:31 of 2nd period - Derick Brassard is hit by Bobby Ryan.
0:42 of 2nd period - Jakub Voracek is hit by Christian Ehrhoff and loses puck.
0:46 of 2nd period - Gustav Nyquist is hit by Hampus Lindholm and loses puck.
0:49 of 2nd period - Shot by Cam Fowler.
0:49 of 2nd period - Shot Misses the Net.
0:51 of 2nd period - Shot by Jakub Voracek.
0:51 of 2nd period - Goal by Jakub Voracek - Capitals : 2 - Panthers : 1.
0:52 of 2nd period - Sean Couturier wins face-off versus Cam Atkinson in neutral zone.
1:00 of 2nd period - Gabriel Landeskog is hit by Nathan Horton and loses puck.
1:08 of 2nd period - Off-side.
1:09 of 2nd period - Gustav Nyquist wins face-off versus Travis Zajac in neutral zone.
1:09 of 2nd period - Gustav Nyquist is hit by Kenndal McArdle.
1:13 of 2nd period - Shot by Jakub Voracek.
1:13 of 2nd period - Shot Misses the Net.
1:25 of 2nd period - Shot by Kenndal McArdle.
1:25 of 2nd period - Shot Misses the Net.
1:27 of 2nd period - Shot by Kenndal McArdle.
1:27 of 2nd period - Stopped by Robin Lehner without a rebound.
1:28 of 2nd period - Nathan Horton wins face-off versus Sean Couturier in Panthers zone.
1:45 of 2nd period - Shot by Sean Couturier.
1:45 of 2nd period - Shot Misses the Net.
1:49 of 2nd period - Shot by Mario Scalzo.
1:49 of 2nd period - Shot Misses the Net.
1:56 of 2nd period - Dustin Byfuglien is hit by Ryan Whitney and loses puck.
1:58 of 2nd period - Minor Penalty to Ryan Whitney for Tripping.
1:59 of 2nd period - Mikael Backlund wins face-off versus Derick Brassard in Capitals zone.
2:10 of 2nd period - Shot by Mikael Backlund.
2:10 of 2nd period - Stopped by Robin Lehner without a rebound.
2:11 of 2nd period - Mikael Backlund wins face-off versus Chris Kreider in Panthers zone.
2:32 of 2nd period - Shot by Gustav Nyquist.
2:32 of 2nd period - Stopped by Kari Lehtonen with a rebound.
2:44 of 2nd period - Shot by Cam Fowler.
2:44 of 2nd period - Stopped by Kari Lehtonen without a rebound.
2:45 of 2nd period - Derick Brassard wins face-off versus Mikael Backlund in Capitals zone.
2:46 of 2nd period - Shot by Jakub Voracek.
2:46 of 2nd period - Stopped by Kari Lehtonen without a rebound.
2:47 of 2nd period - Mikael Backlund wins face-off versus Derick Brassard in Capitals zone.
2:47 of 2nd period - Mikael Backlund is hit by Dustin Byfuglien.
2:59 of 2nd period - Shot by Mario Scalzo.
2:59 of 2nd period - Shot Misses the Net.
3:01 of 2nd period - Shot by Mario Scalzo.
3:01 of 2nd period - Shot Misses the Net.
3:28 of 2nd period - Shot by Mario Scalzo.
3:28 of 2nd period - Shot Blocked by Michael Stone.
3:48 of 2nd period - Shot by Gabriel Landeskog.
3:48 of 2nd period - Deflect By Gustav Nyquist.
3:48 of 2nd period - Shot Misses the Net.
3:50 of 2nd period - Shot by Gustav Nyquist.
3:50 of 2nd period - Shot Hit the Post.
3:56 of 2nd period - Shot by Cam Fowler.
3:56 of 2nd period - Stopped by Kari Lehtonen without a rebound.
3:57 of 2nd period - Mikael Backlund wins face-off versus Gabriel Landeskog in Capitals zone.
3:57 of 2nd period - Mikael Backlund is hit by Chris Kreider.
4:02 of 2nd period - Hampus Lindholm is hit by Mitch Love and loses puck.
4:24 of 2nd period - Icing by Hampus Lindholm.
4:25 of 2nd period - Sean Couturier wins face-off versus Tyler Spurgeon in Capitals zone.
4:34 of 2nd period - Shot by Tyler Spurgeon.
4:34 of 2nd period - Stopped by Robin Lehner without a rebound.
4:35 of 2nd period - Derick Brassard wins face-off versus Travis Zajac in Panthers zone.
5:15 of 2nd period - Icing by Travis Zajac.
5:16 of 2nd period - Sean Couturier wins face-off versus Travis Zajac in Capitals zone.
5:17 of 2nd period - Shot by Dustin Byfuglien.
5:17 of 2nd period - Shot Misses the Net.
6:10 of 2nd period - Minor Penalty to Nathan Horton for Roughing.
6:11 of 2nd period - Derick Brassard wins face-off versus Mikael Backlund in Capitals zone.
6:16 of 2nd period - Shot by Erik Johnson.
6:16 of 2nd period - Shot Misses the Net.
6:59 of 2nd period - Off-side.
7:00 of 2nd period - Mikael Backlund wins face-off versus Chris Kreider in neutral zone.
7:17 of 2nd period - Shot by Cam Fowler.
7:17 of 2nd period - Shot Misses the Net.
7:35 of 2nd period - Shot by Gustav Nyquist.
7:35 of 2nd period - Shot Misses the Net.
7:37 of 2nd period - Shot by Gabriel Landeskog.
7:37 of 2nd period - Shot Misses the Net.
7:39 of 2nd period - Shot by Chris Kreider.
7:39 of 2nd period - Stopped by Kari Lehtonen without a rebound.
7:40 of 2nd period - Derick Brassard wins face-off versus Travis Zajac in Capitals zone.
7:43 of 2nd period - Shot by Mario Scalzo.
7:43 of 2nd period - Stopped by Kari Lehtonen without a rebound.
7:44 of 2nd period - Travis Zajac wins face-off versus Derick Brassard in Capitals zone.
8:13 of 2nd period - Shot by Chris Kreider.
8:13 of 2nd period - Stopped by Kari Lehtonen with a rebound.
8:21 of 2nd period - Shot by Jonathan Drouin.
8:21 of 2nd period - Shot Misses the Net.
8:24 of 2nd period - Brayden Schenn is hit by Hampus Lindholm and loses puck.
8:27 of 2nd period - Shot by Jonathan Drouin.
8:27 of 2nd period - Stopped by Kari Lehtonen without a rebound.
8:28 of 2nd period - Chris Kreider wins face-off versus Travis Zajac in Capitals zone.
8:41 of 2nd period - Shot by Chris Kreider.
8:41 of 2nd period - Shot Blocked by Jonas Brodin.
8:43 of 2nd period - Shot by Aaron Ekblad.
8:43 of 2nd period - Shot Misses the Net.
8:45 of 2nd period - Shot by Kyle Brodziak.
8:45 of 2nd period - Shot Misses the Net.
8:47 of 2nd period - Shot by Aaron Ekblad.
8:47 of 2nd period - Shot Misses the Net.
8:49 of 2nd period - Shot by Kyle Brodziak.
8:49 of 2nd period - Shot Blocked by Marco Scandella.
8:53 of 2nd period - Shot by Chris Kreider.
8:53 of 2nd period - Stopped by Kari Lehtonen without a rebound.
8:54 of 2nd period - Nathan Horton wins face-off versus Derick Brassard in Capitals zone.
8:54 of 2nd period - Nathan Horton is hit by Derick Brassard.
8:55 of 2nd period - Minor Penalty to Gustav Nyquist for High sticking.
8:56 of 2nd period - Nathan Horton wins face-off versus Brett Sutter in Panthers zone.
8:59 of 2nd period - Shot by Ryan Whitney.
8:59 of 2nd period - Stopped by Robin Lehner without a rebound.
9:00 of 2nd period - Brett Sutter wins face-off versus Travis Zajac in Panthers zone.
11:05 of 2nd period - Tyler Spurgeon is hit by Mitch Love.
11:31 of 2nd period - Shot by Tyler Spurgeon.
11:31 of 2nd period - Shot Misses the Net.
11:58 of 2nd period - Shot by Mattias Janmark.
11:58 of 2nd period - Stopped by Robin Lehner without a rebound.
11:59 of 2nd period - Nathan Horton wins face-off versus Chris Kreider in Panthers zone.
12:11 of 2nd period - Icing by Chris Kreider.
12:12 of 2nd period - Travis Zajac wins face-off versus Chris Kreider in Panthers zone.
12:29 of 2nd period - Shot by Bobby Ryan.
12:29 of 2nd period - Deflect By Kenndal McArdle.
12:29 of 2nd period - Stopped by Robin Lehner without a rebound.
12:30 of 2nd period - Sean Couturier wins face-off versus Nathan Horton in Panthers zone.
12:39 of 2nd period - Shot by Dustin Byfuglien.
12:39 of 2nd period - Stopped by Kari Lehtonen with a rebound.
12:56 of 2nd period - Shot by Sean Couturier.
12:56 of 2nd period - Shot Misses the Net.
13:52 of 2nd period - Off-side.
13:53 of 2nd period - Derick Brassard wins face-off versus Tyler Spurgeon in neutral zone.
14:31 of 2nd period - Icing by Hampus Lindholm.
14:32 of 2nd period - Sean Couturier wins face-off versus Tyler Spurgeon in Capitals zone.
14:43 of 2nd period - Shot by Dustin Byfuglien.
14:43 of 2nd period - Stopped by Kari Lehtonen with a rebound.
14:59 of 2nd period - Shot by Dustin Byfuglien.
14:59 of 2nd period - Deflect By Gabriel Landeskog.
14:59 of 2nd period - Stopped by Kari Lehtonen without a rebound.
15:00 of 2nd period - Chris Kreider wins face-off versus Nathan Horton in Capitals zone.
15:17 of 2nd period - Shot by Nathan Horton.
15:17 of 2nd period - Deflect By Kristian Huselius.
15:17 of 2nd period - Shot Misses the Net.
15:19 of 2nd period - Shot by Ryan Whitney.
15:19 of 2nd period - Stopped by Robin Lehner without a rebound.
15:20 of 2nd period - Travis Zajac wins face-off versus Sean Couturier in Panthers zone.
15:24 of 2nd period - Icing by Mitch Love.
15:25 of 2nd period - Nathan Horton wins face-off versus Sean Couturier in Panthers zone.
15:37 of 2nd period - Icing by Cam Fowler.
15:38 of 2nd period - Sean Couturier wins face-off versus Travis Zajac in Panthers zone.
15:57 of 2nd period - Shot by Kenndal McArdle.
15:57 of 2nd period - Shot Misses the Net.
16:02 of 2nd period - Icing by Sean Couturier.
16:03 of 2nd period - Nathan Horton wins face-off versus Sean Couturier in Panthers zone.
16:24 of 2nd period - Nathan Horton is hit by Mitch Love and loses puck.
16:27 of 2nd period - Shot by Nathan Horton.
16:27 of 2nd period - Deflect By Kristian Huselius.
16:27 of 2nd period - Shot Misses the Net.
16:29 of 2nd period - Shot by Ryan Whitney.
16:29 of 2nd period - Shot Misses the Net.
16:41 of 2nd period - Shot by Kristian Huselius.
16:41 of 2nd period - Stopped by Robin Lehner without a rebound.
16:42 of 2nd period - Derick Brassard wins face-off versus Travis Zajac in Panthers zone.
16:42 of 2nd period - Derick Brassard is hit by Bobby Ryan.
16:53 of 2nd period - Shot by Jakub Voracek.
16:53 of 2nd period - Stopped by Kari Lehtonen with a rebound.
16:55 of 2nd period - Shot by Jakub Voracek.
16:55 of 2nd period - Shot Misses the Net.
17:12 of 2nd period - Erik Johnson is hit by Christian Ehrhoff and loses puck.
17:15 of 2nd period - Shot by Derick Brassard.
17:15 of 2nd period - Deflect By Gustav Nyquist.
17:15 of 2nd period - Shot Blocked by Hampus Lindholm.
17:18 of 2nd period - Gustav Nyquist is hit by Hampus Lindholm and loses puck.
17:39 of 2nd period - Icing by Christian Ehrhoff.
17:40 of 2nd period - Chris Kreider wins face-off versus Travis Zajac in Capitals zone.
17:51 of 2nd period - Shot by Chris Kreider.
17:51 of 2nd period - Shot Misses the Net.
17:53 of 2nd period - Shot by Aaron Ekblad.
17:53 of 2nd period - Shot Misses the Net.
17:55 of 2nd period - Shot by John Moore.
17:55 of 2nd period - Stopped by Kari Lehtonen with a rebound.
17:57 of 2nd period - Shot by Kyle Brodziak.
17:57 of 2nd period - Shot Misses the Net.
17:59 of 2nd period - Shot by Kyle Brodziak.
17:59 of 2nd period - Shot Misses the Net.
18:01 of 2nd period - Shot by Kyle Brodziak.
18:01 of 2nd period - Shot Misses the Net.
18:03 of 2nd period - Shot by Kyle Brodziak.
18:03 of 2nd period - Stopped by Kari Lehtonen without a rebound.
18:04 of 2nd period - Nathan Horton wins face-off versus Sean Couturier in Capitals zone.
18:04 of 2nd period - Nathan Horton is hit by Dustin Byfuglien.
18:29 of 2nd period - Shot by Nathan Horton.
18:29 of 2nd period - Shot Blocked by Mitch Love.
18:30 of 2nd period - Minor Penalty to Mitch Love for Holding.
18:31 of 2nd period - Brett Sutter wins face-off versus Nathan Horton in Panthers zone.
18:44 of 2nd period - Shot by Ryan Whitney.
18:44 of 2nd period - Stopped by Robin Lehner without a rebound.
18:45 of 2nd period - Kristian Huselius wins face-off versus Brett Sutter in Panthers zone.
19:29 of 2nd period - Shot by Kenndal McArdle.
19:29 of 2nd period - Stopped by Robin Lehner with a rebound.
19:33 of 2nd period - Shot by Travis Zajac.
19:33 of 2nd period - Stopped by Robin Lehner without a rebound.
19:34 of 2nd period - Brett Sutter wins face-off versus Travis Zajac in Panthers zone.
19:47 of 2nd period - Shot by Michael Stone.
19:47 of 2nd period - Goal by Michael Stone - Capitals : 3 - Panthers : 1.
19:48 of 2nd period - Mikael Backlund wins face-off versus Derick Brassard in neutral zone.
19:48 of 2nd period - Mikael Backlund is hit by Jakub Voracek.
Goals for this period are 1 for Capitals vs 1 for Panthers.
Shots for this period are 15 for Capitals vs 16 for Panthers.

3rd period


0:01 of 3rd period - Derick Brassard wins face-off versus Nathan Horton in neutral zone.
0:04 of 3rd period - Shot by Gustav Nyquist.
0:04 of 3rd period - Stopped by Kari Lehtonen with a rebound.
0:18 of 3rd period - Shot by Kristian Huselius.
0:18 of 3rd period - Stopped by Robin Lehner without a rebound.
0:19 of 3rd period - Sean Couturier wins face-off versus Travis Zajac in Panthers zone.
0:31 of 3rd period - Icing by Jonas Brodin.
0:32 of 3rd period - Travis Zajac wins face-off versus Derick Brassard in Capitals zone.
1:07 of 3rd period - Shot by Jakub Voracek.
1:07 of 3rd period - Stopped by Kari Lehtonen without a rebound.
1:08 of 3rd period - Nathan Horton wins face-off versus Dustin Byfuglien in Capitals zone.
1:31 of 3rd period - Michael Stone is hit by Mitch Love and loses puck.
2:35 of 3rd period - Shot by Brandon Saad.
2:35 of 3rd period - Shot Blocked by Derick Brassard.
2:37 of 3rd period - Shot by Hampus Lindholm.
2:37 of 3rd period - Deflect By Brandon Saad.
2:37 of 3rd period - Shot Hit the Post.
4:16 of 3rd period - Shot by Ryan Whitney.
4:16 of 3rd period - Shot Blocked by Mario Scalzo.
4:25 of 3rd period - Icing by Erik Johnson.
4:26 of 3rd period - Derick Brassard wins face-off versus Nathan Horton in Panthers zone.
4:31 of 3rd period - Shot by Nathan Horton.
4:31 of 3rd period - Shot Misses the Net.
4:35 of 3rd period - Shot by Hampus Lindholm.
4:35 of 3rd period - Goal by Hampus Lindholm - Capitals : 4 - Panthers : 1.
4:36 of 3rd period - Tyler Spurgeon wins face-off versus Sean Couturier in neutral zone.
5:04 of 3rd period - Shot by Gabriel Landeskog.
5:04 of 3rd period - Shot Misses the Net.
5:06 of 3rd period - Shot by Aaron Ekblad.
5:06 of 3rd period - Shot Blocked by Hampus Lindholm.
5:08 of 3rd period - Shot by Gabriel Landeskog.
5:08 of 3rd period - Stopped by Kari Lehtonen without a rebound.
5:09 of 3rd period - Nathan Horton wins face-off versus Chris Kreider in Capitals zone.
5:17 of 3rd period - Icing by Kristian Huselius.
5:18 of 3rd period - Nathan Horton wins face-off versus Chris Kreider in Capitals zone.
6:49 of 3rd period - Shot by Dustin Byfuglien.
6:49 of 3rd period - Shot Blocked by Ryan Whitney.
7:12 of 3rd period - Icing by Erik Johnson.
7:13 of 3rd period - Chris Kreider wins face-off versus Mikael Backlund in Panthers zone.
8:45 of 3rd period - Off-side.
8:46 of 3rd period - Sean Couturier wins face-off versus Travis Zajac in neutral zone.
8:48 of 3rd period - Gabriel Landeskog is hit by Marco Scandella and loses puck.
9:01 of 3rd period - Shot by Bobby Ryan.
9:01 of 3rd period - Stopped by Robin Lehner with a rebound.
9:03 of 3rd period - Shot by Jonas Brodin.
9:03 of 3rd period - Stopped by Robin Lehner with a rebound.
9:05 of 3rd period - Shot by Travis Zajac.
9:05 of 3rd period - Stopped by Robin Lehner without a rebound.
9:06 of 3rd period - Chris Kreider wins face-off versus Nathan Horton in Panthers zone.
9:15 of 3rd period - Shot by Chris Kreider.
9:15 of 3rd period - Shot Misses the Net.
9:21 of 3rd period - Shot by Jonathan Drouin.
9:21 of 3rd period - Deflect By Chris Kreider.
9:21 of 3rd period - Stopped by Kari Lehtonen without a rebound.
9:22 of 3rd period - Sean Couturier wins face-off versus Travis Zajac in Capitals zone.
9:23 of 3rd period - Shot by Gabriel Landeskog.
9:23 of 3rd period - Stopped by Kari Lehtonen without a rebound.
9:24 of 3rd period - Sean Couturier wins face-off versus Nathan Horton in Capitals zone.
9:36 of 3rd period - Icing by Ryan Whitney.
9:37 of 3rd period - Nathan Horton wins face-off versus Chris Kreider in Capitals zone.
9:37 of 3rd period - Nathan Horton is hit by Brayden Schenn.
10:09 of 3rd period - Shot by Cam Atkinson.
10:09 of 3rd period - Stopped by Robin Lehner without a rebound.
10:10 of 3rd period - Sean Couturier wins face-off versus Bobby Ryan in Panthers zone.
10:37 of 3rd period - Dustin Byfuglien is hit by Kenndal McArdle and loses puck.
10:44 of 3rd period - Icing by John Moore.
10:45 of 3rd period - Tyler Spurgeon wins face-off versus Sean Couturier in Panthers zone.
10:50 of 3rd period - Shot by Marco Scandella.
10:50 of 3rd period - Stopped by Robin Lehner with a rebound.
11:22 of 3rd period - Shot by Jonas Brodin.
11:22 of 3rd period - Shot Misses the Net.
11:28 of 3rd period - Tyler Spurgeon is hit by Chris Kreider and loses puck.
11:37 of 3rd period - Shot by Jonathan Drouin.
11:37 of 3rd period - Stopped by Kari Lehtonen with a rebound.
11:39 of 3rd period - Shot by Chris Kreider.
11:39 of 3rd period - Stopped by Kari Lehtonen without a rebound.
11:40 of 3rd period - Derick Brassard wins face-off versus Travis Zajac in Capitals zone.
11:40 of 3rd period - Jakub Voracek is hit by Ryan Whitney and loses puck.
11:59 of 3rd period - Shot by Bobby Ryan.
11:59 of 3rd period - Shot Misses the Net.
12:01 of 3rd period - Shot by Bobby Ryan.
12:01 of 3rd period - Shot Misses the Net.
12:26 of 3rd period - Icing by Ryan Whitney.
12:27 of 3rd period - Chris Kreider wins face-off versus Travis Zajac in Capitals zone.
12:53 of 3rd period - Shot by Kristian Huselius.
12:53 of 3rd period - Shot Misses the Net.
12:55 of 3rd period - Shot by Cam Atkinson.
12:55 of 3rd period - Goal by Cam Atkinson - Capitals : 5 - Panthers : 1.
12:56 of 3rd period - Mikael Backlund wins face-off versus Sean Couturier in neutral zone.
12:56 of 3rd period - Mikael Backlund is hit by Dustin Byfuglien.
13:10 of 3rd period - Shot by Mikael Backlund.
13:10 of 3rd period - Shot Misses the Net.
13:37 of 3rd period - Shot by Gabriel Landeskog.
13:37 of 3rd period - Stopped by Kari Lehtonen without a rebound.
13:38 of 3rd period - Derick Brassard wins face-off versus Nathan Horton in Capitals zone.
13:39 of 3rd period - Shot by Mario Scalzo.
13:39 of 3rd period - Stopped by Kari Lehtonen without a rebound.
13:40 of 3rd period - Nathan Horton wins face-off versus Derick Brassard in Capitals zone.
13:44 of 3rd period - Icing by Hampus Lindholm.
13:45 of 3rd period - Nathan Horton wins face-off versus Derick Brassard in Capitals zone.
13:51 of 3rd period - Icing by Christian Ehrhoff.
13:52 of 3rd period - Nathan Horton wins face-off versus Chris Kreider in Capitals zone.
13:52 of 3rd period - Christian Ehrhoff is hit by Brayden Schenn and loses puck.
13:53 of 3rd period - Minor Penalty to Chris Kreider for Elbowing.
13:54 of 3rd period - Bobby Ryan wins face-off versus Brett Sutter in Panthers zone.
14:33 of 3rd period - Shot by Travis Zajac.
14:33 of 3rd period - Stopped by Robin Lehner with a rebound.
14:47 of 3rd period - Shot by Nathan Horton.
14:47 of 3rd period - Stopped by Robin Lehner without a rebound.
14:48 of 3rd period - Nathan Horton wins face-off versus Kyle Brodziak in Panthers zone.
14:55 of 3rd period - Shot by Cam Atkinson.
14:55 of 3rd period - Shot Misses the Net.
14:57 of 3rd period - Shot by Nathan Horton.
14:57 of 3rd period - Deflect By Kristian Huselius.
14:57 of 3rd period - Stopped by Robin Lehner without a rebound.
14:58 of 3rd period - Brett Sutter wins face-off versus Nathan Horton in Panthers zone.
15:29 of 3rd period - Shot by Cam Atkinson.
15:29 of 3rd period - Shot Blocked by Aaron Ekblad.
15:31 of 3rd period - Shot by Nathan Horton.
15:31 of 3rd period - Shot Blocked by Aaron Ekblad.
15:33 of 3rd period - Shot by Christian Ehrhoff.
15:33 of 3rd period - Shot Misses the Net.
15:35 of 3rd period - Shot by Christian Ehrhoff.
15:35 of 3rd period - Deflect By Kristian Huselius.
15:35 of 3rd period - Stopped by Robin Lehner without a rebound.
15:36 of 3rd period - Travis Zajac wins face-off versus Dustin Byfuglien in Panthers zone.
15:39 of 3rd period - Shot by Bobby Ryan.
15:39 of 3rd period - Shot Misses the Net.
16:12 of 3rd period - Brandon Saad is hit by Mitch Love and loses puck.
16:24 of 3rd period - Tyler Spurgeon is hit by Mitch Love and loses puck.
17:54 of 3rd period - Shot by Kristian Huselius.
17:54 of 3rd period - Stopped by Robin Lehner without a rebound.
17:55 of 3rd period - Mikael Backlund wins face-off versus Chris Kreider in Panthers zone.
18:06 of 3rd period - Shot by Brayden Schenn.
18:06 of 3rd period - Stopped by Kari Lehtonen without a rebound.
18:07 of 3rd period - Derick Brassard wins face-off versus Tyler Spurgeon in Capitals zone.
18:43 of 3rd period - Shot by Jakub Voracek.
18:43 of 3rd period - Shot Misses the Net.
18:45 of 3rd period - Shot by Derick Brassard.
18:45 of 3rd period - Shot Misses the Net.
18:47 of 3rd period - Shot by Derick Brassard.
18:47 of 3rd period - Shot Misses the Net.
18:49 of 3rd period - Shot by John Moore.
18:49 of 3rd period - Stopped by Kari Lehtonen without a rebound.
18:50 of 3rd period - Chris Kreider wins face-off versus Nathan Horton in Capitals zone.
18:50 of 3rd period - Chris Kreider is hit by Hampus Lindholm.
19:10 of 3rd period - Shot by Christian Ehrhoff.
19:10 of 3rd period - Shot Hit the Post.
19:12 of 3rd period - Shot by Christian Ehrhoff.
19:12 of 3rd period - Shot Misses the Net.
19:14 of 3rd period - Shot by Christian Ehrhoff.
19:14 of 3rd period - Stopped by Robin Lehner without a rebound.
19:15 of 3rd period - Travis Zajac wins face-off versus Dustin Byfuglien in Panthers zone.
19:46 of 3rd period - Icing by Travis Zajac.
19:47 of 3rd period - Kenndal McArdle wins face-off versus Chris Kreider in Capitals zone.
19:47 of 3rd period - Kenndal McArdle is hit by Brayden Schenn.
19:59 of 3rd period - Shot by Bobby Ryan.
19:59 of 3rd period - Goal by Bobby Ryan - Capitals : 6 - Panthers : 1.
Goals for this period are 3 for Capitals vs 0 for Panthers.
Shots for this period are 15 for Capitals vs 11 for Panthers.